 Dungeon Sprint DCSS version 0.30.1-11-g7821555f0a (webtiles) character file.

Game seed: 5415340486040433232

1206 Groucho the Nimble (level 8, -3/47 HPs)
             Began as a Spriggan Hunter on Oct 31, 2023.
             Was an Elder of Qazlal.
             Slain by a vampire knight
             ... wielding a +1 glaive
              (23 damage)
             ... in the Dungeon (Sprint VII: "The Pits").
             The game lasted 00:05:05 (1306 turns).

Groucho the Nimble (Spriggan Hunter)                Turns: 1306, Time: 00:05:06

Health: -3/47      AC:  3    Str: 10    XL:     8   Next: 21%
Magic:  8/15       EV: 30    Int: 11    God:    Qazlal [****..]
Gold:   0          SH:  5    Dex: 20    Spells: 7/7 levels left

rFire   . . .        a - +0 shortbow
rCold   . . .        (shield currently unavailable)
rNeg    . . .        c - +0 robe
rPois   .            (helmet restricted)
rElec   .            q - +0 cloak
rCorr   .            (gloves unavailable)
SInv    +            (boots unavailable)
Will    +....        (no amulet)
Stlth   +            m - +3 ring of evasion
HPRegen 0.27/turn    n - +3 ring of strength
MPRegen 0.14/turn

%: no teleportation, repel missiles
@: very quick
A: very small, no large weapons, unfitting armour, see invisible, speed 3
a: Renounce Religion, Upheaval, Elemental Force


You were in the Dungeon.
You worshipped Qazlal.
Qazlal was greatly pleased with you.
You visited 1 branch

Inventory:

Hand Weapons
 a - a +0 shortbow (weapon)
Armour
 c - a +0 robe (worn)
 q - a +0 cloak (worn)
Jewellery
 m - a +3 ring of evasion (left hand)
 n - a +3 ring of strength (right hand)
Scrolls
 b - a scroll of immolation
 i - a scroll of blinking
 k - 5 scrolls of amnesia
 l - a scroll of summoning
Potions
 d - 6 potions of curing
 e - 11 potions of heal wounds
 f - 2 potions of haste
 g - 4 potions of magic
 h - 3 potions of berserk rage
 j - a potion of invisibility
 o - a potion of brilliance
 p - a potion of might
 r - a potion of mutation


   Skills:
 + Level 7.8 Fighting
 + Level 10.2 Ranged Weapons
 + Level 12.1 Dodging
 - Level 1.5 Stealth
 + Level 9.0 Invocations


You had 7 spell levels left.
You didn't know any spells.
Your spell library was empty.

Dungeon Overview and Level Annotations

Branches:
Dungeon (1/1)

Altars:
Ashenzari
Cheibriados
Dithmenos
Elyvilon
Fedhas
Gozag
Hepliaklqana
Kikubaaqudgha
Makhleb
Nemelex Xobeh
Okawaru
Qazlal
Ru
Sif Muna
Trog
Uskayaw
Vehumet
Wu Jian
Xom
Yredelemnul
Zin
The Shining One
Jiyva
Lugonu


Innate Abilities, Weirdness & Mutations

You are very small and have problems with some larger weapons.
You are too small for most types of armour.
You have supernaturally acute eyesight. (SInv)
You cover ground extremely quickly. (Speed+++)


Message History

Magma suddenly erupts from the ground!
The blast of magma engulfs the fire bat!!
The fire bat partially resists.
The fire bat is severely wounded.
A river rat comes into view.
A vampire knight comes into view. It is wielding a +1 glaive.
Unknown command.
You shoot an arrow.
The arrow completely misses the fire bat.
The fire bat completely misses you.
You shoot an arrow. The arrow misses the fire bat.
The vampire knight casts a spell.
The vampire knight flickers and vanishes for a moment.
The fire bat completely misses you.
You shoot an arrow.
The arrow hits the fire bat but does no damage.
The fire bat is severely wounded.
The fire bat closely misses you. x2
The vampire knight points at you and mumbles some strange words.
The vampire knight blinks!
You shoot an arrow. The arrow hits the fire bat.
The fire bat is almost dead.
The fire bat completely misses you. The fire bat misses you.
The vampire knight is engulfed in a thunderstorm.
The vampire knight hits you from afar with a +1 glaive!!
Ouch! That really hurt!
You are too injured to fight recklessly!
You are too injured to fight recklessly!
You are too injured to fight recklessly!
Unknown command.
Unknown command.
Aiming: Upheaval
Press: ? - help, Dir - move target, f - vampire knight, p - fire bat
Aim: a vampire knight, wielding a +1 glaive and wearing a +0 plate armour (moderately damaged, slightly transparent) Magma suddenly erupts from the ground!
The blast of magma engulfs the vampire knight!!
The vampire knight is severely damaged.
You block the fire bat's attack.
The vampire knight hits you from afar with a +1 glaive!!
You die...

__...###########++######
####'##................#
)))'.##......#..#......#
####.##................+
.....)'................+
#'#####......#..#......#
#.#[[##..........○.....#
#)#))#####'#####''######
'.#))##.......##@'#
###))##.......##..#
..#..##.......##Vb#
..#'###...<...##..#
.....##.......##..#
.....##.......##r.#
#######.......##...
..#..###########...
..#.###########


You could see a vampire knight (invisible), a fire bat and a river rat.

Vanquished Creatures
  An unseen horror (D)
  A hornet (D)
  A fire bat (D)
  An ogre (D)
  A wolf (D)
  A centaur (D)
  A kobold brigand (D)
  2 scorpions (D)
  2 crimson imps (D)
  An orc priest (D)
  An iron imp (D)
  An adder (D)
  An ufetubus (D)
  4 orcs (D)
  A bat (D)
  A bat zombie (D)
  2 endoplasms (D)
  A goblin (D)
  3 jackals (D)
  A quokka (D)
  A rat (D)
29 creatures vanquished.

Notes
Turn   | Place    | Note
-------+----------+-------------------------------------------
     0 | D        | Groucho the Spriggan Hunter began the quest for the Orb.
     0 | D        | Reached XP level 1. HP: 10/10 MP: 2/2
    11 | D        | Reached skill level 3 in Dodging
    54 | D        | Found a bloodstained altar of Trog.
    54 | D        | Found a shimmering blue altar of Sif Muna.
    54 | D        | Found a viscous altar of Jiyva.
    54 | D        | Found a hazy altar of Hepliaklqana.
    54 | D        | Found an opulent altar of Gozag.
    55 | D        | Found a glowing golden altar of the Shining One.
    55 | D        | Found a glowing silver altar of Zin.
    55 | D        | Found a basalt altar of Yredelemnul.
    55 | D        | Found a shimmering altar of Xom.
    55 | D        | Found an ornate altar of the Wu Jian Council.
    55 | D        | Found a sacrificial altar of Ru.
    55 | D        | Found a stormy altar of Qazlal.
    55 | D        | Found an iron altar of Okawaru.
    55 | D        | Found a sparkling altar of Nemelex Xobeh.
    55 | D        | Found a burning altar of Makhleb.
    55 | D        | Found a blossoming altar of Fedhas.
    55 | D        | Found a white marble altar of Elyvilon.
    55 | D        | Found a shadowy altar of Dithmenos.
    55 | D        | Found a snail-covered altar of Cheibriados.
    57 | D        | Found a radiant altar of Vehumet.
    57 | D        | Found a corrupted altar of Lugonu.
    58 | D        | Found a hide-covered altar of Uskayaw.
    58 | D        | Found an ancient bone altar of Kikubaaqudgha.
    58 | D        | Found a broken altar of Ashenzari.
    62 | D        | Became a worshipper of Qazlal Stormbringer
    95 | D        | Reached * piety under Qazlal
    96 | D        | Reached XP level 2. HP: 15/15 MP: 3/3
   100 | D        | Reached skill level 1 in Invocations
   113 | D        | Noticed a scorpion
   137 | D        | Killed a scorpion
   138 | D        | Reached skill level 5 in Ranged Weapons
   138 | D        | Reached skill level 5 in Dodging
   138 | D        | Reached XP level 3. HP: 14/20 MP: 3/6
   138 | D        | Reached XP level 4. HP: 17/24 MP: 3/7
   292 | D        | Noticed a scorpion
   311 | D        | Reached ** piety under Qazlal
   364 | D        | Killed a scorpion
   365 | D        | Reached skill level 7 in Dodging
   365 | D        | Reached XP level 5. HP: 29/30 MP: 7/9
   535 | D        | Noticed a fire bat
   540 | D        | Killed a fire bat
   540 | D        | Reached *** piety under Qazlal
   541 | D        | Reached skill level 5 in Fighting
   541 | D        | Reached skill level 8 in Dodging
   541 | D        | Reached XP level 6. HP: 35/35 MP: 6/11
   544 | D        | Reached skill level 9 in Dodging
   663 | D        | Noticed a hornet
   687 | D        | Killed a hornet
   687 | D        | Reached **** piety under Qazlal
   688 | D        | Reached skill level 10 in Dodging
   688 | D        | Reached XP level 7. HP: 41/41 MP: 7/13
   706 | D        | Reached skill level 11 in Dodging
  1182 | D        | Noticed an unseen horror
  1198 | D        | Killed an unseen horror
  1199 | D        | Reached skill level 10 in Ranged Weapons
  1199 | D        | Reached skill level 12 in Dodging
  1199 | D        | Reached XP level 8. HP: 39/47 MP: 4/15
  1301 | D        | Noticed a vampire knight
  1306 | D        | Slain by a vampire knight

Illustrated notes

Levels and vault maps discovered:
D:        pitsprint [storerooms_1, entrance_room_1, metal_vault_3, armoury_1,
          mini_pit_1, grid_room_1, main_hall_1, silver_pit, the_coven_1,
          the_vestibule_1, steel_vault_4, golden_pit, hallway_of_sentries,
          crystal_vault_4, iron_vault_4, final_vault]

Skill      XL: |  1  2  3  4  5  6  7 |
---------------+----------------------+-----
Dodging        | 3 5 7 8 10 12 | 12.1
Fighting       | 2 3 4 5 6 7 |  7.8
Invocations    | 3 4 6 7 9 |  9.0
Ranged Weapons | 5 6 7 9 10 | 10.2
Stealth        | |  1.5

Action                     |  1- 3 |  4- 6 |  7- 9 || total
---------------------------+-------+-------+-------++-------
   Fire: Shortbow          |    23 |    41 |    15 ||    79
 Invoke: Upheaval          |       |     5 |     9 ||    14
    Use: Potion            |       |     3 |       ||     3
 Armour: Robe              |     1 |     2 |     1 ||     4
  Dodge: Dodged            |    14 |    50 |    19 ||    83
  Block: Other             |       |     5 |     4 ||     9
